 Dungeon Crawl Stone Soup version 0.27.1-33-g824d729ab1 (webtiles) character file.

Game seed: 10826777600044648933

19460 jlumianski the Jinx (level 12, -2/63 HPs)
             Began as a Gargoyle Monk on Dec 16, 2021.
             Was a High Priest of Hepliaklqana.
             Slain by a white ugly thing (27 damage)
             ... on level 12 of the Dungeon on Dec 17, 2021.
             The game lasted 01:09:51 (12721 turns).

jlumianski the Jinx (Gargoyle Monk)                Turns: 12721, Time: 01:09:52

Health: -2/63      AC: 22    Str: 26    XL:     12   Next: 69%
Magic:  16/22      EV: 13    Int: 11    God:    Hepliaklqana [*****.]
Gold:   715        SH:  0    Dex: 12    Spells: 7/24 levels left

rFire    . . .     SeeInvis .   h - +2 whip (elec)
rCold    . . .     Faith    .   (no shield)
rNeg     + . .     Spirit   .   k - +0 troll leather armour {Purgy}
rPois    ∞         Reflect  .   U - +1 helmet
rElec    +         Harm     .   o - +2 cloak
rCorr    .         Rampage  .   (no gloves)
Will     .....                  L - +2 pair of boots {Fly}
Stlth    +++.......             M - amulet of regeneration
HPRegen  2.20/turn              t - ring of wizardry
MPRegen  0.18/turn              x - +6 ring of strength

@: flying
A: reduced essence, sickness immunity, AC +8, negative energy resistance 1,
electricity resistance, torment resistance 1, petrification resistance
a: Renounce Religion, Recall Ancestor, Ancestor Identity, Transference, Idealise


You were on level 12 of the Dungeon.
You worshipped Hepliaklqana.
Hepliaklqana was extremely pleased with you.
You visited 1 branch of the dungeon, and saw 12 of its levels.

You collected 771 gold pieces.
You spent 56 gold pieces at shops.

Inventory:

Hand Weapons
 h - a +2 whip of electrocution (weapon)
 B - a +3 morningstar of freezing
 W - a +0 broad axe
Missiles
 b - 5 javelins
 d - 67 poisoned darts (quivered)
 j - 8 atropa-tipped darts
 l - 444 stones
 O - a throwing net
Armour
 k - a +0 troll leather armour (worn) {Purgy}
 o - a +2 cloak (worn)
 L - a +2 pair of boots of flying (worn)
 T - +0 acid dragon scales
 U - a +1 helmet (worn)
Jewellery
 a - a ring of protection from fire
 t - a ring of wizardry (left hand)
 x - a +6 ring of strength (right hand)
 M - an amulet of regeneration (around neck)
 R - a ring of positive energy
Wands
 y - a wand of flame (13)
 N - a wand of charming (7)
 V - a wand of acid (11)
 X - a wand of mindburst (15)
Scrolls
 c - 2 scrolls of identify
 i - a scroll of enchant weapon
 S - 3 scrolls of fear
Potions
 e - 2 potions of lignification
 f - 2 potions of magic
 g - a potion of cancellation
 p - 2 potions of haste
 s - a potion of heal wounds
 u - a potion of attraction
 v - a potion of ambrosia
 w - 2 potions of resistance
 E - a potion of flight
 I - 3 potions of might
 P - 2 potions of brilliance


   Skills:
 + Level 6.9 Fighting
 + Level 3.9(6.2) Axes
 + Level 8.3(8.8) Maces & Flails
 + Level 1.9 Throwing
 + Level 6.1 Armour
 + Level 5.3 Dodging
 + Level 5.9 Stealth
 + Level 6.6 Spellcasting
 * Level 9.4 Hexes
 * Level 2.3 Summonings
 * Level 6.9 Translocations
 + Level 0.2 Invocations
 + Level 0.6 Evocations


You had 7 spell levels left.
You knew the following spells:

 Your Spells              Type           Power      Damage    Failure   Level
a - Corona                Hex            26%        N/A       1%          1
b - Blink                 Tloc           N/A        N/A       1%          2
c - Confusing Touch       Hex            24%        N/A       1%          3
d - Tukima's Dance        Hex            24%        N/A       1%          3
e - Call Canine Familiar  Summ           8%         N/A       9%          3
f - Manifold Assault      Tloc           18%        N/A       13%         5

Your spell library contained the following spells:

 Spells                   Type           Power      Damage    Failure   Level
 Ensorcelled Hibernation  Hex/Ice        28%        N/A       1%          2
 Slow                     Hex            24%        N/A       1%          2
 Lesser Beckoning         Tloc           9%         N/A       1%          3
 Cause Fear               Hex            12%        N/A       1%          4
 Summon Guardian Golem    Hex/Summ       16%        N/A       2%          3
 Summon Small Mammal      Summ           32%        N/A       3%          1
 Passage of Golubria      Tloc           N/A        N/A       4%          4
 Animate Skeleton         Necr           6%         N/A       9%          1
 Summon Mana Viper        Hex/Summ       16%        N/A       19%         5
 Ozocubu's Armour         Ice            3%         N/A       24%         3
 Yara's Violent Unravell  Hex/Tmut       7%         3d5       32%         5
 Summon Ice Beast         Ice/Summ       6%         N/A       43%         4
 Borgnjor's Vile Clutch   Necr/Erth      1%         N/A       89%         5
 Freezing Cloud           Conj/Ice/Air   1%         6-21      89%         5
 Monstrous Menagerie      Summ           4%         N/A       100%        7
 Ozocubu's Refrigeration  Ice            1%         4d5       100%        7
 Borgnjor's Revivificati  Necr           1%         N/A       100%        8


Dungeon Overview and Level Annotations

Branches:
Dungeon (12/15)            Temple (0/1) D:7            Lair (0/6) D:10
    Orc (0/2) D:12

Altars:
Elyvilon
Gozag
Hepliaklqana
Kikubaaqudgha
Nemelex Xobeh
Ru
Trog
Vehumet
The Shining One

Shops:
D:4 *   D:5 [*[*


Innate Abilities, Weirdness & Mutations

Your life essence is reduced to manifest your ancestor. (-10% HP)
You are immune to sickness and miasma.
Your stone body is resilient. (AC +8)
You are immune to poison.
You resist negative energy. (rN+)
You are resistant to electric shocks. (rElec)
You are resistant to unholy torment.
You are immune to petrification.


Message History

Confirm with . or Enter, or press ? or * to list all spells.
Cihuaton hits the white ugly thing with a +0 flail!
The white ugly thing engulfs Cihuaton.
The white ugly thing freezes Cihuaton!
Cihuaton resists.
You swap places.
Cihuaton hits the white ugly thing with a +0 flail!
The white ugly thing engulfs Cihuaton.
The white ugly thing freezes Cihuaton!
Cihuaton resists.
Cihuaton hits the white ugly thing with a +0 flail.
The white ugly thing engulfs Cihuaton!
Cihuaton is destroyed!
Your hound bites the white ugly thing.
The white ugly thing engulfs your hound!
The white ugly thing freezes your hound!!
Your hound dies!
Your hound's corpse disappears in a puff of smoke!
The boulder beetle leaps!
The boulder beetle curls into a ball and begins rolling!
The boulder beetle is no longer covered in acid.
The boulder beetle hits you.
The boulder beetle stops rolling and uncurls.
The boulder beetle waves its antennae.
The boulder beetle leaps!
The boulder beetle curls into a ball and begins rolling!
You see here a yak corpse.
Things that are here:
a yak corpse; a yak corpse
Aiming: Corrosive Bolt
Press: ? - help, Shift-Dir - straight line, f - white ugly thing
Aim: a white ugly thing (heavily wounded, 71% to hit)
The bolt of acid hits the white ugly thing!
The white ugly thing is splashed with acid.
The acid corrodes the white ugly thing!
The white ugly thing is severely wounded.
The bolt of acid hits the boulder beetle but does no damage.
The white ugly thing engulfs you! The white ugly thing freezes you!!
Casting: Call Canine Familiar (dangerous; 9% risk of failure)
Confirm with . or Enter, or press ? or * to list all spells.
The white ugly thing engulfs you! The white ugly thing freezes you!!
You die...

#.##.###..##.))........##.#
#.##.##...##.###.########..
#..........)......# ##+##
#....#.###....###.# ##...##
##.#.##..###...# .# ##.....##
####....##....###..... ##.......#
#...)...###.#.#.###....#.........
........##.#.#.#.#####.....<.....
#.#.....##......@uB..###.........
#.##<##.##.#.#.#.####.♣###......#
#.#####.###.#.#h#####.†.♣###...##
#.#####.##....####..#♣B...♣###...
#.......##..####....#○......♣####
######..######D...#.#♣°.♣...... #
#######.####u..#.#..#.°.....♣## #
.....##.##....#.#.#.#♣°...♣######
####.##.#D##...#.#u.#°..♣####..##


You could see a boulder beetle, a white ugly thing (corroded, ally target) and a
friendly hound (summoned).

Vanquished Creatures
  Snorg (D:11)
  2 boulder beetles
  Erica (D:11)
  A wizard (D:12)
  An ugly thing (D:12)
  3 manticores (D:12)
  A deep elf pyromancer (D:12)
  A gargoyle (D:11)
  Maggie (D:8)
  A kobold demonologist (D:12)
  An efreet (D:11)
  Sigmund (D:4)
  A vampire (D:11)
  2 yaks (D:12)
  A wyvern (D:9)
  A redback simulacrum (D:10)
  3 steam dragons
  A basilisk (D:10)
  3 vampire mosquitoes
  2 acid dragons
  2 water moccasins (D:8)
  Purgy (D:4)
  A hornet zombie (D:8)
  A black bear (D:8)
  3 sky beasts
  An orc warrior (D:8)
  An ice beast (D:6)
  4 centaurs
  2 scorpions
  5 killer bees (D:9)
  7 wights
  A howler monkey (D:12)
  A centaur zombie (D:9)
  2 orc priests
  2 bullfrog skeletons
  3 jellies
  2 centaur skeletons
  2 iguanas (D:5)
  An orc wizard (D:12)
  A killer bee zombie (D:8)
  A hound skeleton (D:4)
  5 adders
  A river rat (D:4)
  A worm (D:2)
  2 dart slugs (D:2)
  14 orcs
  2 bats (D:2)
  3 endoplasms
  4 giant cockroaches
  6 goblins
  6 hobgoblins
  2 jackals (D:2)
  7 kobolds
  2 quokkas
  6 ball pythons
  A frilled lizard (D:1)
  6 rats
141 creatures vanquished.

Vanquished Creatures (collateral kills)
  Harold (D:9)
  3 two-headed ogres
  A deep elf zephyrmancer (D:12)
  An ugly thing (D:12)
  A cyclops (D:12)
  A manticore (D:11)
  A gargoyle (D:11)
  2 kobold demonologists (D:11)
  A komodo dragon (D:9)
  A troll (D:10)
  Prince Ribbit (D:8)
  A vampire (D:11)
  A wraith (D:8)
  3 yaks (D:12)
  The ghost of Cheops the Poker, an amateur FoAK of Lugonu (D:3)
  A vampire mosquito (D:11)
  A steam dragon (D:7)
  Menkaure (D:5)
  A water moccasin (D:6)
  An ice beast (D:5)
  A black bear (D:6)
  A hornet zombie (D:7)
  An orc warrior (D:12)
  A necrophage (D:7)
  A sky beast (D:6)
  6 ogres
  2 centaurs
  2 kobold brigands
  A bullfrog (D:8)
  2 killer bees (D:9)
  6 wights (D:6)
  3 howler monkeys
  A bullfrog zombie (D:6)
  A hound (D:7)
  A jelly (D:5)
  Crazy Yiuf (D:3)
  3 iguanas
  5 orc wizards
  7 adders
  2 white imps
  An adder skeleton (D:4)
  A worm (D:2)
  A dart slug (D:2)
  15 orcs
  2 bats
  An endoplasm (D:2)
  3 giant cockroaches
  3 hobgoblins
  A jackal (D:2)
  2 quokkas
  3 ball pythons
  2 goblins (D:4)
  8 kobolds
  5 rats
121 creatures vanquished.

Vanquished Creatures (others)
  A wizard (D:10)
  A dancing weapon (D:11)
  8 knights
  8 plants
18 creatures vanquished.

Grand Total: 280 creatures vanquished

Notes
Turn   | Place    | Note
-------+----------+-------------------------------------------
     0 | D:1      | jlumianski the Gargoyle Monk began the quest for the Orb.
     0 | D:1      | Reached XP level 1. HP: 14/14 MP: 1/1
   321 | D:2      | Reached XP level 2. HP: 18/19 MP: 2/2
   410 | D:1      | Found a faded altar of an unknown god.
   417 | D:1      | Became a worshipper of Hepliaklqana the Forgotten
   417 | D:1      | Reached * piety under Hepliaklqana
   417 | D:1      | Reached ** piety under Hepliaklqana
   423 | D:1      | Remembered your ancestor Cihuaton as a knight
   754 | D:1      | Reached *** piety under Hepliaklqana
  1106 | D:2      | Reached XP level 3. HP: 20/20 MP: 3/3
  1650 | D:2      | Reached XP level 4. HP: 26/26 MP: 4/4
  2156 | D:3      | Found a sacrificial altar of Ru.
  2180 | D:3      | Found a white marble altar of Elyvilon.
  2336 | D:3      | Found an ancient bone altar of Kikubaaqudgha.
  2343 | D:3      | Found an opulent altar of Gozag.
  2344 | D:3      | Found a runed translucent gate.
  2476 | D:4      | Reached **** piety under Hepliaklqana
  2484 | D:4      | Noticed Sigmund
  2497 | D:4      | Killed Sigmund
  2498 | D:4      | Reached XP level 5. HP: 29/29 MP: 3/5
  2498 | D:4      | Reached XP level 6. HP: 34/34 MP: 3/6
  2599 | D:4      | Found Ilacs's Serpentskin Sales.
  2811 | D:4      | Found a glowing golden altar of the Shining One.
  3165 | D:4      | Reached XP level 7. HP: 39/39 MP: 7/7
  3222 | D:4      | Noticed Purgy
  3230 | D:4      | Killed Purgy
  3454 | D:4      | Learned a level 1 spell: Corona
  3564 | D:3      | Found a runed translucent door.
  3565 | D:3      | Noticed Crazy Yiuf
  3578 | D:3      | Killed Crazy Yiuf
  3639 | D:3      | Learned a level 2 spell: Blink
  3742 | D:3      | Found a runed translucent gate.
  3742 | D:3      | Found a runed translucent gate.
  3747 | D:3      | Noticed Cheops's ghost (amateur FoAK)
  3768 | D:3      | Killed Cheops's ghost
  3769 | D:3      | Reached skill level 5 in Maces & Flails
  3769 | D:3      | Reached XP level 8. HP: 38/43 MP: 8/8
  3777 | D:3      | Reached skill level 1 in Hexes
  3777 | D:3      | Reached skill level 1 in Translocations
  3895 | D:5      | Entered Level 5 of the Dungeon
  3895 | D:5      | Noticed Menkaure
  3900 | D:5      | Killed Menkaure
  3984 | D:5      | Found Okielass's Antique Armour Emporium.
  4018 | D:5      | Reached skill level 5 in Fighting
  4060 | D:5      | Found Xyhu's Antique Armour Boutique.
  4105 | D:5      | Learned a level 3 spell: Confusing Touch
  4157 | D:5      | Found Peypic's General Store.
  4180 | D:5      | Bought a scroll of identify for 28 gold pieces
  4180 | D:5      | Bought a scroll of identify for 28 gold pieces
  4296 | D:5      | Reached skill level 2 in Hexes
  4314 | D:5      | Found Corin's Assorted Antiques.
  4562 | D:6      | Reached XP level 9. HP: 42/48 MP: 7/9
  4641 | D:6      | Reached skill level 5 in Armour
  4659 | D:6      | Reached skill level 1 in Throwing
  4670 | D:6      | Reached skill level 1 in Spellcasting
  4687 | D:6      | Reached skill level 3 in Hexes
  5069 | D:6      | Reached ***** piety under Hepliaklqana
  5555 | D:7      | Reached skill level 4 in Hexes
  5678 | D:7      | Reached XP level 10. HP: 53/53 MP: 11/13
  5680 | D:7      | Found a staircase to the Ecumenical Temple.
  5812 | D:7      | Reached skill level 5 in Hexes
  6305 | D:8      | Noticed Maggie
  6318 | D:8      | Killed Maggie
  6351 | D:8      | Identified a scroll of acquirement
  6351 | D:8      | Acquired a +2 pair of boots of flying
  7088 | D:8      | Learned a level 3 spell: Tukima's Dance
  7267 | D:8      | Noticed Prince Ribbit
  7281 | D:8      | Killed Prince Ribbit
  7282 | D:8      | Reached skill level 6 in Hexes
  7851 | D:9      | Noticed Harold
  8036 | D:9      | Killed Harold
  8037 | D:9      | Reached skill level 5 in Translocations
  8253 | D:9      | Reached XP level 11. HP: 55/57 MP: 13/17
  8312 | D:9      | Reached skill level 7 in Hexes
  8421 | D:9      | Found a radiant altar of Vehumet.
  8829 | D:10     | Entered Level 10 of the Dungeon
  8849 | D:10     | Found a sparkling altar of Nemelex Xobeh.
  8856 | D:10     | Noticed a two-headed ogre
  8865 | D:10     | Killed a two-headed ogre
  8866 | D:10     | Reached skill level 5 in Stealth
  9125 | D:10     | Found a bloodstained altar of Trog.
  9480 | D:10     | Noticed a wizard
  9483 | D:10     | Killed a wizard
  9939 | D:10     | Found a staircase to the Lair.
 10048 | D:11     | Noticed a boulder beetle
 10072 | D:11     | Killed a boulder beetle
 10252 | D:11     | Noticed a sixfirhy
 10255 | D:11     | Noticed a soul eater
 10348 | D:11     | Reached skill level 5 in Spellcasting
 10348 | D:11     | Reached skill level 8 in Hexes
 10468 | D:11     | Noticed a manticore
 10472 | D:11     | Noticed Erica
 10478 | D:11     | Killed a manticore
 10484 | D:11     | Killed Erica
 10777 | D:11     | Noticed Snorg
 10791 | D:11     | Killed Snorg
 11067 | D:11     | Reached XP level 12. HP: 63/63 MP: 16/20
 11071 | D:11     | Learned a level 3 spell: Call Canine Familiar
 11444 | D:12     | Noticed a two-headed ogre
 11473 | D:12     | Noticed a boulder beetle
 11508 | D:12     | Killed a two-headed ogre
 11657 | D:12     | Reached skill level 5 in Dodging
 11758 | D:12     | Killed a boulder beetle
 11759 | D:12     | Reached skill level 9 in Hexes
 11874 | D:12     | Got Cigotuvi's Catalogue of Axaxaxas mlö
 11881 | D:12     | Learned a level 5 spell: Manifold Assault
 11985 | D:12     | Reached skill level 1 in Summonings
 12035 | D:12     | Got the Almanac of Sand
 12052 | D:12     | Got Ts'ui Pên's Almanac of Forking Paths
 12097 | D:12     | Found a staircase to the Orcish Mines.
 12197 | D:12     | Noticed a two-headed ogre
 12211 | D:12     | Killed a two-headed ogre
 12677 | D:12     | Noticed a boulder beetle
 12721 | D:12     | Slain by a white ugly thing

Illustrated notes

Levels and vault maps discovered:
D:1:      dpeg_arrival_lava_altar, layout_loops_corners, basic_ecumenical_altar
D:2:      layout_basic
D:3:      layout_loops_ring, mainiacjoe_overflow_catwalk,
          nicolae_kikubaaqudgha_miasma_corner, old_standard_altar,
          ebering_ghost_gozag, serial_bayou_pond_c, uniq_crazy_yiuf_cottage
D:4:      layout_loops_ring, nicolae_tso_carved_into_rock, portal_sewer_entry_e,
          minmay_misc_feat_x, guppyfry_shop_venom, uniq_purgy, uniq_sigmund
D:5:      layout_cave_pools, serial_shops, nicolae_shop_stone, shop,
          nicolae_stop_n_shop_2, nicolae_shop_statue_plus, uniq_menkaure
D:6:      layout_basic, minmay_misc_feat_columns
D:7:      layout_loops_ring, minmay_temple_entry_slanted,
          chequers_serial_rivers_micro_c, st_stairs_5,
          minmay_misc_feat_more_columns
D:8:      layout_layer_cave, kennysheep_generic_room_15, uniq_prince_ribbit1,
          uniq_maggie
D:9:      layout_loops_ring, fiery_altar_vehumet, uniq_harold
D:10:     layout_stronghold, trog_wizard, mainiacjoe_overflow_tiny_flanked,
          erik_lair_dragon, feat_on_display
D:11:     layout_basic, minivault_5, uniq_erica, uniq_snorg
D:12:     minmay_the_grid_triangle_9x9_rhombus_full
          [minmay_the_grid_triangle_9x9_shrine,
          minmay_the_grid_triangle_9x9_sparse_checkered,
          minmay_the_grid_triangle_9x9_zippers_vertical,
          minmay_the_grid_triangle_9x9_limited_checkers,
          minmay_the_grid_triangle_9x9_skeleton,
          minmay_the_grid_triangle_9x9_thin_v,
          minmay_the_grid_triangle_9x9_corrupted_corridor,
          minmay_the_grid_triangle_9x9_prize_schism], layout_loops_corners,
          david_orc_2, bh_hangedman_babel_library

Skill      XL: |  1  2  3  4  5  6  7  8  9 10 11 12 |
---------------+-------------------------------------+-----
Axes           | 3 |  3.9
Stealth        | 3 4 5 |  5.9
Fighting       | 4 5 6 |  6.9
Maces & Flails | 2 3 5 6 7 8 |  8.3
Armour         | 2 3 4 5 6 |  6.1
Dodging        | 3 4 5 |  5.3
Hexes          | 2 4 6 8 9 |  9.4
Translocations | 2 3 5 6 |  6.9
Throwing       | 1 |  1.9
Spellcasting   | 2 4 5 6 |  6.6
Summonings     | 2 |  2.3
Invocations    | |  0.2
Evocations     | |  0.6

Action                   |  1- 3 |  4- 6 |  7- 9 | 10-12 || total
-------------------------+-------+-------+-------+-------++-------
Melee: Hand axe          |    69 |       |       |       ||    69
       Whip              |    26 |    70 |   187 |   392 ||   675
Throw: Dart              |       |     1 |     3 |     7 ||    11
       Stone             |       |     1 |       |       ||     1
 Cast: Corona            |       |       |    24 |    47 ||    71
       Confusing Touch   |       |       |     4 |    19 ||    23
       Blink             |       |       |     1 |       ||     1
       Tukima's Dance    |       |       |       |    13 ||    13
       Call Canine Famil |       |       |       |    11 ||    11
       Manifold Assault  |       |       |       |     3 ||     3
Invok: Ancestor Life: Kn |     1 |       |       |       ||     1
       Recall Ancestor   |       |     1 |       |       ||     1
       Transference      |       |       |       |     1 ||     1
Evoke: Wand              |       |       |       |     6 ||     6
  Use: Scroll            |       |     6 |     9 |    11 ||    26
       Potion            |       |       |     4 |     5 ||     9
 Stab: Sleeping          |     2 |       |       |     6 ||     8
       Distracted        |     1 |       |     1 |     3 ||     5
       Confused          |       |       |     1 |     6 ||     7
Armor: Robe              |    23 |       |       |       ||    23
       Scale mail        |    16 |    32 |    10 |       ||    58
       Troll leather arm |       |       |   105 |   189 ||   294
Dodge: Dodged            |    58 |    44 |   112 |   239 ||   453
